 Dungeon Crawl Stone Soup version 0.30-a0-169-g06f667207d (webtiles) character file.

Game seed: 10517678744118015785

96 qw the Chopper (level 4, 0/28 HPs)
             Began as a Gargoyle Fighter on Sept 29, 2022.
             Slain by a gnoll
             ... wielding a +2 vorpal flail
              (1 damage)
             ... on level 2 of the Dungeon.
             The game lasted 00:00:41 (1797 turns).

qw the Chopper (Gargoyle Fighter)                   Turns: 1797, Time: 00:00:41

Health: 0/28       AC: 12    Str: 21    XL:     4   Next: 67%
Magic:  4/4        EV:  7    Int:  9    God:
Gold:   78         SH:  4    Dex:  9    Spells: 3/3 levels left

rFire   . . .      SeeInvis .    Y - +0 war axe
rCold   . . .      Faith    .    c - +0 buckler
rNeg    + . .      Spirit   .    j - +0 chain mail
rPois   inf        Reflect  .    (no helmet)
rElec   +          Harm     .    (no cloak)
rCorr   .          Rampage  .    (no gloves)
Will    .....                    (no boots)
Stlth   ..........               (no amulet)
HPRegen 0.09/turn                (no ring)
MPRegen 0.09/turn                (no ring)

@: no status effects
A: sickness immunity, AC +3, negative energy resistance 1, electricity
resistance, torment resistance 1, petrification resistance
a: no special abilities


You were on level 2 of the Dungeon.
You visited 1 branch of the dungeon, and saw 2 of its levels.

You collected 78 gold pieces.


Innate Abilities, Weirdness & Mutations

You are immune to sickness and miasma.
Your stone body is resilient. (AC +3)
You are immune to poison.
You resist negative energy. (rN+)
You are resistant to electric shocks. (rElec)
You are resistant to unholy torment.
You are immune to petrification.


   Skills:
 - Level 3.2 Fighting
 + Level 4.3 Axes
 - Level 3.2 Armour
 - Level 3.2 Shields


You had 3 spell levels left.
You didn't know any spells.
Your spell library was empty.

Inventory:

Hand Weapons
 f - a +1 flail of protection
 Y - a +0 war axe (weapon)
Armour
 c - a +0 buckler (worn)
 j - a +0 chain mail (worn)
Jewellery
 b - a +4 ring of evasion
Scrolls
 a - a scroll of identify
 e - a scroll of enchant weapon {unknown}
 g - a scroll of torment {unknown}
 h - a scroll of silence {unknown}
Potions
 d - a potion of might
 i - 2 potions of curing {unknown}
 k - a potion of haste {unknown}

Dungeon Overview and Level Annotations

Branches:
Dungeon (2/15)

Altars:

Shops:
D:1 *


Message History

There is an open door here.
You open the door.
There is an open door here.
A gnoll comes into view. It is wielding a +2 vorpal flail.
The gnoll shouts!
You hear a shout!
Enter note: A gnoll comes into view. It is wielding a +0 whip.
You hit the gnoll but do no damage.
A gnoll comes into view. It is wielding a +0 club.
The gnoll hits you but does no damage.
The gnoll shouts!
You hit the gnoll.
The gnoll is moderately wounded.
You hit the gnoll.
The gnoll is heavily wounded.
The gnoll hits you with a +0 whip.
You hit the gnoll.
The gnoll is heavily wounded.
You block the gnoll's attack.
You slash the gnoll!
You kill the gnoll!
You barely miss the gnoll.
The gnoll hits you with a +0 club. x2; The gnoll hits you but does no damage.
You closely miss the gnoll.
The gnoll is moderately wounded.
You hit the gnoll but do no damage.
The gnoll hits you with a +2 vorpal flail.
The gnoll hits you but does no damage.
You barely miss the gnoll.
The gnoll is moderately wounded.
You barely miss the gnoll. The gnoll hits you but does no damage.
The gnoll misses you.
You barely miss the gnoll.
The gnoll is moderately wounded.
You barely miss the gnoll. The gnoll hits you but does no damage.
The gnoll hits you with a +2 vorpal flail.
The gnoll hits you with a +0 club.
The gnoll hits you with a +2 vorpal flail!
You die...

.......'............###.########
###.##.#....####.#### #.#
#.##.#....####'### #.#
#.##.####.##.....####.#
#....).................
#####..###.........# #.#
.........#.....#'###
.####..#.#.....#.#
#...%......#@#
#..#..#'#'##gg......
#..#..#.#.##.######.
.........#.##.# ###.##..#.#.##.#
... ...#.#..... .. ............
#........... #. #.##.#


You could see 2 gnolls.

Vanquished Creatures
  Jessica (D:2)
  A gnoll (D:2)
  An adder (D:2)
  A worm (D:2)
  2 dart slugs (D:1)
  2 ball pythons
  4 bats (D:1)
  5 endoplasms
  3 giant cockroaches
  A goblin (D:2)
  4 hobgoblins (D:1)
  4 jackals (D:1)
  2 quokkas
  3 frilled lizards
  5 kobolds
  2 rats
41 creatures vanquished.

Notes
Turn   | Place    | Note
-------+----------+-------------------------------------------
     0 | D:1      | qw the Gargoyle Fighter began the quest for the Orb.
     0 | D:1      | Reached XP level 1. HP: 14/14 MP: 1/1
     0 | D:1      | 0 ||| qw: Version: 0.2-a-12-gaebbb33
     0 | D:1      | 0 ||| qw: Game counter: 1273
     0 | D:1      | 0 ||| qw: Always use a shield: true
     0 | D:1      | 0 ||| qw: God list: Okawaru
     0 | D:1      | 0 ||| qw: Allow faded altars: false
     0 | D:1      | 0 ||| qw: Do Orc after D:15 true
     0 | D:1      | 0 ||| qw: Do second Lair branch before Depths: true
     0 | D:1      | 0 ||| qw: Lair rune preference: random
     0 | D:1      | 0 ||| qw: Plans: Normal, Zot:1-4, God:TSO, Crypt, Tomb,
                  | Pan, Slime:5, Hells, Abyss, Orb
     0 | D:1      | 0 ||| PLANNING D:1-11
    40 | D:1      | Reached skill level 2 in Axes
   132 | D:1      | 132 ||| Stepping ~*~*~tactically~*~*~ (stealth).
   137 | D:1      | Reached XP level 2. HP: 19/19 MP: 2/2
   183 | D:1      | 183 ||| Stepping ~*~*~tactically~*~*~ (stealth).
   184 | D:1      | 184 ||| Stepping ~*~*~tactically~*~*~ (stealth).
   364 | D:1      | 364 ||| Stepping ~*~*~tactically~*~*~ (hiding).
   494 | D:1      | HP: 1/19 [frozen (4)]
   496 | D:1      | Reached skill level 3 in Axes
   827 | D:1      | Reached XP level 3. HP: 23/23 MP: 3/3
  1104 | D:1      | Found a faded altar of an unknown god.
  1122 | D:1      | Found Vaferph's General Store.
  1128 | D:1      | 1128 ||| SHOPLISTING amulet of guardian spirit (360 gold,
                  | have 41).
  1128 | D:1      | 1128 ||| SHOPLISTING ring of resist corrosion (240 gold,
                  | have 41).
  1218 | D:1      | 1218 ||| DROPPING orb of energy.
  1219 | D:1      | 1219 ||| UPGRADING to +0 chain mail.
  1229 | D:1      | 1229 ||| DROPPING +0 scale mail.
  1230 | D:1      | 1230 ||| READING 2 scrolls labelled GUDIYL DOTIUK.
  1231 | D:1      | 1231 ||| READING scroll labelled ZUMNUCK RUPO.
  1232 | D:1      | 1232 ||| READING scroll labelled DOCOITWE HEGU.
  1294 | D:2      | 1294 ||| Stepping ~*~*~tactically~*~*~ (stealth).
  1308 | D:2      | 1308 ||| Stepping ~*~*~tactically~*~*~ (stealth).
  1309 | D:2      | 1309 ||| Stepping ~*~*~tactically~*~*~ (stealth).
  1310 | D:2      | 1310 ||| Stepping ~*~*~tactically~*~*~ (stealth).
  1516 | D:2      | Noticed Jessica
  1517 | D:2      | 1517 ||| Stepping ~*~*~tactically~*~*~ (hiding).
  1529 | D:2      | Killed Jessica
  1530 | D:2      | Reached skill level 4 in Axes
  1530 | D:2      | Reached XP level 4. HP: 28/28 MP: 4/4
  1549 | D:2      | 1549 ||| Stepping ~*~*~tactically~*~*~ (stealth).
  1550 | D:2      | 1550 ||| Stepping ~*~*~tactically~*~*~ (stealth).
  1797 | D:2      | HP: 1/28 [gnoll/+2 vorpal flail (9)]
  1797 | D:2      | Slain by a gnoll

Levels and vault maps discovered:
D:1:      minmay_arrival_checkered_box, layout_basic, serial_shops,
          nicolae_shop_hallway_plus, ebering_ecumenical_altar_sacrificial
D:2:      layout_basic, uniq_jessica

Skill      XL: |  1  2  3 |
---------------+----------+-----
Axes           | 2 3 4 |  4.3
Fighting       | |  3.2
Armour         | |  3.2
Shields        | |  3.2

Action                   |  1- 3 |  4- 6 || total
-------------------------+-------+-------++-------
Melee: War axe           |   106 |    38 ||   144
  Use: Scroll            |     3 |       ||     3
Armor: Scale mail        |    37 |       ||    37
       Chain mail        |    26 |    18 ||    44
Dodge: Dodged            |    43 |    11 ||    54
Block: Buckler           |    17 |     4 ||    21

Table legend:
 A = Non-vault XP
 B = Vault XP
 C = Vault XP percentage of total XP
 D = Non-vault monster count
 E = Vault monster count
 F = Vault count percentage of total count
                 A         B        C        D         E       F
            +---------+---------+-------+---------+---------+-------
      Total |     101 |      37 |  26.8 |      40 |       1 |   2.4
            +---------+---------+-------+---------+---------+-------
        D:1 |      52 |       0 |   0.0 |      27 |       0 |   0.0
        D:2 |      49 |      37 |  43.0 |      13 |       1 |   7.1
            +---------+---------+-------+---------+---------+-------
